[Event "Team 45 45 League T87"]
[Site "Internet Chess Club"]
[Date "2021.01.08"]
[Round "1"]
[White "Hectormercado"]
[Black "clarinetref"]
[Result "0-1"]
[WhiteElo "1480"]
[BlackElo "1447"]
[Opening "Sicilian"]
[ECO "B72"]
[Time "18:00:37"]
[TimeControl "2700+45"]

1. e4 c5 2. Nf3 d6 3. d4 cxd4 4. Nxd4 g6 5. Be3 Bg7 6. Nc3 Nf6 7. Qd2 Ng4 8. Bg5
h6 9. Bh4 Nc6 10. Bb5 Bd7 11. Nxc6 Bxc6 12. Bxc6+ bxc6 13. f3 Ne5 14. Rb1 Qc7
15. O-O O-O 16. Kh1 Rab8 17. b3 Rfe8 18. f4 Nd7 19. f5 Qa5 20. fxg6 fxg6 21. Be1
Rf8 22. Rf3 Ne5 23. Na4 Qxd2 24. Rxf8+ Rxf8 25. Bxd2 Ng4 26. Kg1 Bd4+ 27. Kh1
Nf2+ 28. Kg1 Nxe4+ 29. Kh1 Nxd2 30. Rd1 Rf1+ 31. Rxf1 Nxf1 32. c3 Be5 33. g3 Kf7
34. Kg2 Ne3+ 35. Kf3 Nd1 36. c4 Nc3 {White resigns} 0-1

[Event "Team 45 45 League T87"]
[Site "Internet Chess Club"]
[Date "2021.01.10"]
[Round "1"]
[White "sdcohle"]
[Black "Andressa"]
[Result "1-0"]
[WhiteElo "1300"]
[BlackElo "1358"]
[Opening "Ruy Lopez: old Steinitz defense"]
[ECO "C62"]
[Time "16:11:46"]
[TimeControl "2700+45"]

1. e4 e5 2. Nf3 Nc6 3. Bb5 d6 4. d3 Nf6 5. c3 Bd7 6. h3 a6 7. Ba4 Be7 8. Be3 O-O
9. Nbd2 b5 10. Bc2 Rb8 11. a3 Na5 12. d4 exd4 13. cxd4 c5 14. dxc5 dxc5 15. O-O
Qc8 16. Bg5 h6 17. Bxf6 Bxf6 18. e5 Bg5 19. Nxg5 hxg5 20. Ne4 f6 21. exf6 gxf6
22. Qh5 Bf5 23. Nxf6+ Rxf6 24. Qxg5+ Kf7 25. Qh5+ Bg6 26. Bxg6+ Rxg6 27. Qd5+
Kg7 28. Rae1 Qc6 29. Re7+ Kh6 30. Qd2+ Kh5 31. Rh7+ Rh6 32. g4+ {Black resigns}
1-0

[Event "Team 45 45 League T87"]
[Site "Internet Chess Club"]
[Date "2021.01.08"]
[Round "1"]
[White "gregorgg"]
[Black "howah45"]
[Result "1-0"]
[WhiteElo "1379"]
[BlackElo "1138"]
[Opening "Scandinavian: Pytel-Wade variation"]
[ECO "B01"]
[Time "15:02:51"]
[TimeControl "2700+45"]

1. e4 d5 2. exd5 Qxd5 3. Nc3 Qd6 4. d4 Nf6 5. Nf3 a6 6. g3 Nc6 7. Bg2 Bg4 8. O-O
e6 9. Bf4 Qb4 10. Bxc7 Qxb2 11. Qd2 Bb4 12. Rab1 Qa3 13. Rb3 Qa5 14. Bxa5 Bxa5
15. Rxb7 O-O 16. Qe3 Rac8 17. Ne5 Nxe5 18. dxe5 Rxc3 19. Qf4 Rc4 20. Qxc4 Nd5
21. Bxd5 exd5 22. Qxg4 {Black resigns} 1-0

[Event "Team 45 45 League T87"]
[Site "Internet Chess Club"]
[Date "2021.01.08"]
[Round "1"]
[White "Chess4Him"]
[Black "noblitz-oblige"]
[Result "1-0"]
[WhiteElo "1531"]
[BlackElo "1494"]
[Opening "Queen's pawn: London system"]
[ECO "A45"]
[Time "11:00:52"]
[TimeControl "2700+45"]

1. d4 Nf6 2. Bf4 e6 3. Nf3 Nc6 4. e3 Be7 5. h3 O-O 6. c3 d6 7. Nbd2 h6 8. Bd3 b6
9. O-O Bb7 10. a4 e5 11. Bh2 Re8 12. Qc2 exd4 13. exd4 Qd7 14. b4 a6 15. b5 Nd8
16. c4 Ne6 17. Bf5 Qd8 18. Rfe1 Nf8 19. d5 axb5 20. axb5 Rxa1 21. Rxa1 N6d7 22.
Nb3 Bf6 23. Ra7 Bc8 24. Bf4 Qe7 25. Rxc7 g6 26. Bxd7 Bxd7 27. Bxh6 {Black
resigns} 1-0

[Event "Team 45 45 League T87"]
[Site "Internet Chess Club"]
[Date "2021.01.09"]
[Round "1"]
[White "stanbeers"]
[Black "BrerRabbit"]
[Result "0-1"]
[WhiteElo "1341"]
[BlackElo "1403"]
[Opening "Queen's pawn, Mason variation"]
[ECO "D00"]
[Time "19:45:32"]
[TimeControl "2700+45"]

1. d4 d5 2. Bf4 Nf6 3. e3 c5 4. c3 Nc6 5. Bd3 Qb6 6. b3 Bg4 7. Be2 Bxe2 8. Nxe2
e6 9. O-O Be7 10. h3 O-O 11. Nd2 a5 12. Qc2 Rfd8 13. Rab1 Bd6 14. Nf3 Bxf4 15.
Nxf4 Rac8 16. Nd3 cxd4 17. c4 dxe3 18. c5 exf2+ 19. Rxf2 Qc7 20. Rc1 Nb4 21.
Nxb4 axb4 22. Kh1 Ne4 23. Kg1 Nxf2 24. Kxf2 h6 25. Qd2 Qa5 26. Qc2 Rc7 27. Ne1
Rdc8 28. Nd3 Ra8 29. Ra1 Rac8 30. Rc1 Qb5 31. Qd2 b6 32. cxb6 Qxb6+ 33. Kf1
Rxc1+ 34. Nxc1 Rc3 35. Ne2 Rc6 36. Qf4 Qc7 37. Qd2 Qb6 38. Ng1 Qc5 39. Ne2 Qb5
40. Ke1 Qc5 41. Kf1 e5 42. Qd3 Rf6+ 43. Ke1 Qf2+ 44. Kd2 Qc5 45. Ke1 Rg6 46. Qf3
Rf6 47. Qg3 d4 48. Qd3 Rc6 49. Qd2 Rg6 50. Kf1 Rf6+ 51. Ke1 Rd6 52. Qd3 Rc6 53.
Qd2 Rd6 54. Ng3 Qc3 55. Ne4 Qxd2+ 56. Kxd2 Rc6 57. Kd3 f6 {White resigns} 0-1

[Event "Team 45 45 League T87"]
[Site "Internet Chess Club"]
[Date "2021.01.08"]
[Round "1"]
[White "burlap"]
[Black "OGO"]
[Result "0-1"]
[WhiteElo "1211"]
[BlackElo "1193"]
[Opening "Queen's pawn"]
[ECO "A40"]
[Time "12:00:25"]
[TimeControl "2700+45"]

1. d4 e6 2. Bf4 Nf6 3. Nd2 Be7 4. h3 O-O 5. Ngf3 b6 6. e3 Bb7 7. Bd3 d6 8. O-O
Nbd7 9. c3 c5 10. Qc2 Rc8 11. Qd1 cxd4 12. cxd4 Nd5 13. Rc1 Nb4 14. Qb3 Nxd3 15.
Qxd3 f6 16. Qb1 Rxc1 17. Rxc1 Qb8 18. Qc2 Rc8 19. Qd1 e5 20. dxe5 dxe5 21. Bh2
Nc5 22. Nb3 Bxf3 23. Qxf3 Nxb3 24. Rxc8+ Qxc8 25. Qd5+ Kf8 26. Qd1 Nc5 27. Qc1
Qf5 28. f4 Nd3 29. g4 Nxc1 30. gxf5 exf4 31. exf4 Nxa2 32. Bg3 Bc5+ 33. Bf2
Bxf2+ 34. Kxf2 Nb4 35. Ke3 Ke7 36. Kd4 Kd6 37. Kc4 Kc6 38. Kxb4 a6 39. b3 Kd5
40. Kc3 a5 41. Kd3 b5 42. h4 h5 43. Ke3 a4 44. bxa4 bxa4 45. Kd2 Ke4 46. Kc3
Kxf4 47. Kb4 Kxf5 {White resigns} 0-1

[Event "Team 45 45 League T87"]
[Site "Internet Chess Club"]
[Date "2021.01.10"]
[Round "1"]
[White "kingsrook"]
[Black "Ostap-Bender"]
[Result "1-0"]
[WhiteElo "1148"]
[BlackElo "1224"]
[Opening "Nimzo-Indian: 4.e3 O-O"]
[ECO "E46"]
[Time "14:00:52"]
[TimeControl "2700+45"]

1. c4 Nf6 2. d4 e6 3. Nc3 Bb4 4. e3 O-O 5. Bd2 c5 6. Nge2 d5 7. a3 Bxc3 8. Nxc3
b6 9. Bd3 Bb7 10. O-O Qc7 11. Rc1 Nbd7 12. Re1 Rfe8 13. Nb5 Qc6 14. f3 a6 15.
Nc3 Rad8 16. b3 e5 17. cxd5 Nxd5 18. Be4 N7f6 19. Nxd5 Nxe4 20. fxe4 Qd6 21.
dxc5 bxc5 22. Ba5 Rd7 23. Qf3 Bxd5 24. exd5 e4 25. Qd1 Qe5 26. Bc3 Qb8 27. Qg4
g6 28. Qxd7 {Black resigns} 1-0

[Event "Team 45 45 League T87"]
[Site "Internet Chess Club"]
[Date "2021.01.07"]
[Round "1"]
[White "cayo89"]
[Black "rookmaster23"]
[Result "1/2-1/2"]
[WhiteElo "1510"]
[BlackElo "1700"]
[Opening "Queen's pawn game"]
[ECO "D00"]
[Time "20:00:39"]
[TimeControl "2700+45"]

1. d4 Nf6 2. Nc3 d5 3. Bf4 g6 4. e3 Bg7 5. h4 h5 6. Nf3 O-O 7. Bd3 c5 8. dxc5
Nbd7 9. c6 bxc6 10. Ne5 Qb6 11. Na4 Qa5+ 12. c3 Nxe5 13. Bxe5 c5 14. f3 Bd7 15.
Bc2 Bc6 16. O-O Rfd8 17. Rb1 c4 18. b4 cxb3 19. Bxb3 Ne8 20. Bxg7 Nxg7 21. Rc1
Nf5 22. Re1 Nxh4 23. Nb2 Qc7 24. Qe2 Qg3 25. Qf2 Qxf2+ 26. Kxf2 e5 27. Red1 Nf5
28. Nd3 e4 29. Nb4 Bb7 30. Nxd5 exf3 31. gxf3 Kg7 32. c4 Rac8 33. e4 Nd6 34. c5
Ne8 35. Ke2 Nf6 36. Ke3 g5 37. Ne7 Rxd1 38. Bxd1 Rc7 39. Nf5+ Kg6 40. Nd6 Bc6
41. Be2 h4 42. Kd4 Re7 43. Nf5 Rb7 44. Rg1 Nh5 45. Nxh4+ Kh6 46. Nf5+ Kg6 47.
Nh4+ Kh6 48. Nf5+ Kg6 49. Nh4+ Kh6 {Game drawn by repetition} 1/2-1/2

[Event "Team 45 45 League T87"]
[Site "Internet Chess Club"]
[Date "2021.01.09"]
[Round "1"]
[White "tryanything"]
[Black "liujf"]
[Result "0-1"]
[WhiteElo "1536"]
[BlackElo "1609"]
[Opening "Vienna gambit: Paulsen attack"]
[ECO "C29"]
[Time "18:06:19"]
[TimeControl "2700+45"]

1. e4 e5 2. Nc3 Nf6 3. f4 d5 4. fxe5 Nxe4 5. Qf3 Nxc3 6. bxc3 c5 7. Qg3 Bf5 8.
Bd3 Bg6 9. Nf3 Be7 10. O-O O-O 11. Bxg6 fxg6 12. d4 Nc6 13. Be3 b6 14. Qg4 Qc8
15. Qxc8 Raxc8 16. Rf2 cxd4 17. cxd4 Nb4 18. Raf1 Nxc2 19. Bg5 Bxg5 20. Nxg5
Rxf2 21. Rxf2 Nxd4 22. g4 Re8 23. Rd2 Rxe5 24. Rxd4 Rxg5 25. h4 Re5 26. Kf2 Kf7
27. Kf3 Ke6 28. Kf4 Re4+ 29. Rxe4+ dxe4 30. Kxe4 a6 31. a4 b5 {White resigns}
0-1

[Event "Team 45 45 League T87"]
[Site "Internet Chess Club"]
[Date "2021.01.09"]
[Round "1"]
[White "vhuffst"]
[Black "Electryon"]
[Result "0-1"]
[WhiteElo "1227"]
[BlackElo "1339"]
[Opening "Queen's pawn, Mason variation, Steinitz counter-gambit"]
[ECO "D00"]
[Time "20:00:30"]
[TimeControl "2700+45"]

1. d4 d5 2. Bf4 c5 3. e3 Nc6 4. Nf3 Nf6 5. Bd3 cxd4 6. exd4 Qb6 7. Nc3 a6 8. Na4
Qa5+ 9. c3 e6 10. h4 Bd7 11. O-O Nxd4 12. Nxd4 Bxa4 13. b3 Bd7 14. b4 Qd8 15.
Qe2 Be7 16. Rae1 O-O 17. h5 Rc8 18. h6 g6 19. Bd2 Nh5 20. Nf3 Bd6 21. Ne5 Be7
22. g3 Nf6 23. Bg5 Rxc3 24. Qd2 Rc8 25. Rc1 Ne8 26. Nxd7 Rxc1 27. Rxc1 Bxg5 28.
f4 Bxf4 29. gxf4 Qxd7 30. Qc2 Nd6 31. Qc3 f6 32. Qc5 Rc8 33. Qe3 Rxc1+ 34. Qxc1
Qc8 35. Qxc8+ Nxc8 36. Be2 b5 37. a3 Nd6 38. Kf2 Nf5 39. Bd1 Nxh6 40. Ke2 Kf7
41. Kd3 Ke7 42. Kc3 Kd6 43. Kd3 Nf5 44. Kc3 e5 45. fxe5+ fxe5 46. a4 Kc6 {White
resigns} 0-1

[Event "Team 45 45 League T87"]
[Site "Internet Chess Club"]
[Date "2021.01.07"]
[Round "1"]
[White "cap78red"]
[Black "mongmong"]
[Result "1-0"]
[WhiteElo "1438"]
[BlackElo "1426"]
[Opening "English: Mikenas-Carls, Sicilian variation"]
[ECO "A19"]
[Time "17:19:40"]
[TimeControl "2700+45"]

1. c4 e6 2. Nc3 Nf6 3. e4 c5 4. e5 Ng8 5. Nf3 Nc6 6. d4 cxd4 7. Nxd4 Nxe5 8.
Ndb5 a6 9. Bf4 f6 10. Bxe5 fxe5 11. Nd6+ Bxd6 12. Qxd6 Qe7 13. Qxe5 Nf6 14. Bd3
O-O 15. O-O d6 16. Qg5 Qf7 17. Rad1 Qh5 18. Qxh5 Nxh5 19. Be2 Nf4 20. Rxd6 Nxe2+
21. Nxe2 e5 22. f4 Bg4 23. Rd2 Bxe2 24. Rxe2 exf4 25. Re7 Rac8 26. b3 b6 27. Re6
Rb8 28. Re4 g5 29. h4 Kg7 30. hxg5 Kg6 31. Rexf4 Rxf4 32. Rxf4 Kxg5 33. Rd4 Rb7
34. Rd6 Kf5 35. Kf2 Ke5 36. Rh6 a5 37. Ke3 Kf5 38. Rh5+ Kg4 39. Rb5 h6 40. c5
Re7+ 41. Kf2 Re5 42. Rxb6 Rxc5 43. Ke3 h5 44. a4 Rg5 45. Rb5 Rg6 46. Rxa5 h4 47.
Re5 Kg3 48. a5 Kxg2 49. Rh5 h3 50. Kd4 h2 51. b4 h1=Q 52. Rxh1 Kxh1 53. b5 Rg5
54. Kc4 Kg2 55. a6 Kf3 56. a7 Rg4+ 57. Kc5 Rg5+ 58. Kb6 Rg6+ 59. Ka5 Rg1 60. b6
Ra1+ 61. Kb5 Ke4 62. Kc6 Ra6 63. Kb7 {Black resigns} 1-0

[Event "Team 45 45 League T87"]
[Site "Internet Chess Club"]
[Date "2021.01.11"]
[Round "1"]
[White "ILRE"]
[Black "ChessJayden"]
[Result "1-0"]
[WhiteElo "1595"]
[BlackElo "1707"]
[Opening "Queen's pawn game"]
[ECO "A46"]
[Time "18:30:34"]
[TimeControl "2700+45"]

1. d4 Nf6 2. Nf3 e6 3. Bf4 Be7 4. h3 O-O 5. e3 d5 6. Bd3 b6 7. O-O Bb7 8. Nbd2
c5 9. c3 Nbd7 10. Re1 c4 11. Bc2 b5 12. a3 a5 13. e4 Nb6 14. e5 Nfd7 15. Qe2 b4
16. Qe3 Nb8 17. Bg5 Nc6 18. Nf1 Bxg5 19. Nxg5 h6 20. Nf3 Ba6 21. Rad1 Bb5 22.
Rd2 Qe7 23. N1h2 Ba4 24. Bb1 bxa3 25. bxa3 Nd7 26. Ng4 Rab8 27. Rde2 Rb3 28.
Nfh2 h5 29. Nh6+ gxh6 30. Qxh6 f6 31. exf6 Rxf6 32. Qxh5 Qf7 33. Qh4 Rxc3 34.
Ng4 Rf4 35. Qg5+ Qg7 36. Qxf4 Nxd4 37. Re3 Rxe3 38. Qxe3 c3 39. Bd3 e5 40. f3
Nc6 41. Bf5 d4 42. Qd3 Nb6 43. Be6+ Kh8 44. Qf5 c2 45. Qh5+ {Black forfeits on
time} 1-0

[Event "Team 45 45 League T87"]
[Site "Internet Chess Club"]
[Date "2021.01.06"]
[Round "1"]
[White "handsomematch"]
[Black "Constrictor"]
[Result "0-1"]
[WhiteElo "1313"]
[BlackElo "1559"]
[Opening "Alekhine's defense: exchange variation"]
[ECO "B03"]
[Time "20:04:07"]
[TimeControl "2700+45"]

1. e4 Nf6 2. e5 Nd5 3. d4 d6 4. c4 Nb6 5. exd6 exd6 6. Nf3 Be7 7. Bd3 Bg4 8. h3
Bh5 9. O-O Nc6 10. Be3 Bf6 11. Re1 O-O 12. g4 Bg6 13. Nc3 d5 14. c5 Nc8 15. Bxg6
hxg6 16. Qb3 Na5 17. Qxd5 c6 18. Qe4 g5 19. Qd3 b5 20. b3 Nb7 21. Ne4 Be7 22.
Bxg5 f6 23. Bf4 Nxc5 24. Nxc5 Bxc5 25. Rec1 Bd6 26. Bd2 Ne7 27. Be3 Rc8 28. Rc2
Nd5 29. Qe4 Re8 30. Qf5 Nxe3 31. fxe3 Rxe3 32. Rac1 Qe8 33. Kf2 Ba3 34. Rd1 Bd6
35. g5 Rc7 36. gxf6 Rf7 37. Qg5 Rxf3+ 38. Kxf3 Rxf6+ 39. Qxf6 gxf6 40. Rg1+ Kf7
41. Rcg2 Bf8 42. Rg6 Qd7 43. R6g4 Qd5+ 44. Ke3 Bh6+ 45. Kd3 Qf3+ 46. Kc2 Qe2+
47. Kb1 Qd3+ 48. Kb2 Be3 49. Rg7+ Ke6 50. R1g2 Bxd4+ 51. Ka3 Bc5+ 52. Kb2 Qd4+
53. Kc2 Qe4+ 54. Kd2 Bb4+ 55. Kc1 Qe1+ 56. Kc2 Qc3+ 57. Kb1 Ba3 58. Re2+ Kd6 59.
Rg1 Qd3+ 60. Rc2 f5 61. Rg6+ Kd5 62. Rg1 f4 63. Rg5+ Ke4 64. Rg1 f3 65. Re1+ Kf4
66. b4 f2 67. Rc1 f1=Q 68. h4 Qxc1# {White checkmated} 0-1

[Event "Team 45 45 League T87"]
[Site "Internet Chess Club"]
[Date "2021.01.10"]
[Round "1"]
[White "Gojira"]
[Black "aec7r3b"]
[Result "1-0"]
[WhiteElo "1564"]
[BlackElo "1313"]
[Opening "Queen's pawn game"]
[ECO "D00"]
[Time "12:02:52"]
[TimeControl "2700+45"]

1. d4 Nf6 2. Nc3 d5 3. Bf4 g6 4. e3 Bg7 5. h4 O-O 6. Be2 c5 7. dxc5 Nc6 8. a3
Qa5 9. b4 Qd8 10. Rb1 a5 11. b5 Na7 12. Be5 e6 13. Nf3 Nd7 14. Bxg7 Kxg7 15.
Qd4+ Kg8 16. Ne5 Nxe5 17. Qxe5 Qe7 18. Nxd5 Qd8 19. Nf6+ Kg7 20. Nh5+ Kh6 21.
Qg7# {Black checkmated} 1-0

[Event "Team 45 45 League T87"]
[Site "Internet Chess Club"]
[Date "2021.01.09"]
[Round "1"]
[White "eevee11"]
[Black "dabodhi"]
[Result "0-1"]
[WhiteElo "743"]
[BlackElo "1410"]
[Opening "French: Tarrasch, open variation"]
[ECO "C07"]
[Time "19:59:13"]
[TimeControl "2700+45"]

1. e4 e6 2. d4 d5 3. Nd2 c5 4. exd5 Qxd5 5. Ngf3 cxd4 6. Bc4 Qd6 7. O-O Nf6 8.
Re1 Nc6 9. Nb3 a6 10. Nbxd4 Nxd4 11. Nxd4 Bd7 12. c3 Be7 13. Qf3 O-O 14. Qxb7
Ng4 15. g3 e5 16. Ne2 Bc6 17. Qb3 Qf6 18. Nf4 exf4 19. Bxf4 Nxf2 20. Kxf2 Bc5+
21. Kf1 g5 22. Qc2 gxf4 23. gxf4 Qxf4+ 24. Ke2 Bf3+ 25. Kf1 Bd1+ 26. Kg2 Qf3#
{White checkmated} 0-1

[Event "Team 45 45 League T87"]
[Site "Internet Chess Club"]
[Date "2021.01.08"]
[Round "1"]
[White "mongmong"]
[Black "Gojira"]
[Result "0-1"]
[WhiteElo "1415"]
[BlackElo "1557"]
[Opening "Queen's pawn game"]
[ECO "D02"]
[Time "20:08:27"]
[TimeControl "2700+45"]

1. d4 d5 2. Nf3 Bf5 3. e3 e6 4. c4 c6 5. Nc3 Bd6 6. Bd3 Bg6 7. e4 dxe4 8. Nxe4
Bc7 9. O-O Nd7 10. Be3 Ngf6 11. Nxf6+ Nxf6 12. Bg5 Bh5 13. Bxf6 Qxf6 14. Be2
O-O-O 15. Ne5 Bxe5 16. Bxh5 Rxd4 17. Qe2 g6 18. Bf3 Rhd8 19. Rfd1 Rxd1+ 20. Rxd1
Rxd1+ 21. Qxd1 Bxb2 22. Qd3 Ba3 23. Bd1 Bc5 24. Qc2 Qe5 25. g3 Qd4 26. Bf3 h5
27. Kf1 h4 28. Kg2 hxg3 29. hxg3 f5 30. Bd1 e5 31. Qe2 g5 32. Bc2 f4 33. gxf4
Qxf4 34. Be4 Bxf2 35. Qf3 Qxf3+ 36. Kxf3 Bd4 37. Bf5+ Kc7 38. Ke4 Kd6 39. Bc8 b6
40. a4 Kc5 41. Bb7 Kxc4 42. Bxc6 a6 43. Kf5 Kc5 44. Be8 b5 45. axb5 axb5 46.
Kxg5 b4 47. Bf7 Bg1 48. Kf5 Kd4 49. Be6 Bh2 50. Kg4 Kc3 51. Kf3 b3 52. Ke2 b2
53. Ba2 Kc2 54. Kf2 b1=Q 55. Bxb1+ Kxb1 56. Ke3 Kc2 57. Ke2 Bg1 58. Ke1 Kd3 59.
Kf1 Kd2 60. Kxg1 e4 61. Kf2 e3+ {White resigns} 0-1

[Event "Team 45 45 League T87"]
[Site "Internet Chess Club"]
[Date "2021.01.09"]
[Round "1"]
[White "rkjulianjr"]
[Black "g8wrb"]
[Result "1-0"]
[WhiteElo "1377"]
[BlackElo "1309"]
[Opening "Nimzo-Indian: Reshevsky variation"]
[ECO "E46"]
[Time "13:31:37"]
[TimeControl "2700+45"]

1. d4 e6 2. c4 Nf6 3. Nc3 Bb4 4. e3 O-O 5. Ne2 b6 6. a3 Be7 7. e4 d5 8. cxd5
exd5 9. e5 Ne8 10. Ng3 c5 11. Be2 Bb7 12. Be3 cxd4 13. Bxd4 Nc6 14. O-O Nc7 15.
f4 Ne6 16. Nf5 Nexd4 17. Nxe7+ Qxe7 18. Nxd5 Nxe2+ 19. Qxe2 Qc5+ 20. Ne3 Rad8
21. Kh1 Nd4 22. Qf2 Nb3 23. Rad1 Qe7 24. Nf5 Qe6 25. Nd6 Ba8 26. Qg3 f5 27. Nxf5
Rxd1 28. Qxg7# {Black checkmated} 1-0

[Event "Team 45 45 League T87"]
[Site "Internet Chess Club"]
[Date "2021.01.10"]
[Round "1"]
[White "SeniorCitizen"]
[Black "CMAlge"]
[Result "1-0"]
[WhiteElo "1262"]
[BlackElo "1219"]
[Opening "Danish gambit: Sorensen defense"]
[ECO "C21"]
[Time "13:00:24"]
[TimeControl "2700+45"]

1. e4 e5 2. d4 exd4 3. c3 d5 4. Qxd4 Qe7 5. Nd2 Nf6 6. e5 c5 7. Qf4 Nc6 8. Bb5
Bd7 9. Bxc6 Bxc6 10. Ngf3 Bb5 11. c4 Bc6 12. O-O Qc7 13. Re1 Be7 14. cxd5 Bxd5
15. Qg5 Ne4 16. Qxg7 O-O-O 17. Qg4+ Kb8 18. Nxe4 Qc6 19. Qf4 Qe6 20. Neg5 Bxg5
21. Nxg5 Qg6 22. e6+ Ka8 23. Qxf7 Rhf8 24. Qxg6 hxg6 25. Be3 Rf5 26. Rad1 Re5
27. Nf7 Rxe3 28. Nxd8 {Black resigns} 1-0

[Event "Team 45 45 League T87"]
[Site "Internet Chess Club"]
[Date "2021.01.09"]
[Round "1"]
[White "seldredg"]
[Black "nosir"]
[Result "0-1"]
[WhiteElo "1315"]
[BlackElo "1420"]
[Opening "French: Labourdonnais variation"]
[ECO "C00"]
[Time "13:00:13"]
[TimeControl "2700+45"]

1. e4 e6 2. f4 d5 3. e5 b6 4. Nc3 Bb7 5. Nf3 Nc6 6. Bb5 Ne7 7. d4 Nf5 8. Qe2 a6
9. Bxc6+ Bxc6 10. Bd2 Bb4 11. a3 Bxc3 12. Bxc3 Bb5 13. Qf2 Qc8 14. Ng5 c5 15. b4
cxd4 16. a4 Qxc3+ 17. Qd2 Qxa1+ 18. Qd1 Qxd1+ 19. Kxd1 Ne3+ 20. Kd2 Bxa4 {White
resigns} 0-1

[Event "Team 45 45 League T87"]
[Site "Internet Chess Club"]
[Date "2021.01.08"]
[Round "1"]
[White "kabindra"]
[Black "GoIrish"]
[Result "1-0"]
[WhiteElo "1646"]
[BlackElo "1477"]
[Opening "French defense"]
[ECO "C00"]
[Time "15:30:15"]
[TimeControl "2700+45"]

1. e4 e6 2. Nf3 d5 3. e5 c5 4. c3 Nc6 5. Na3 a6 6. d4 cxd4 7. cxd4 Bd7 8. Nc2 f6
9. Bd3 fxe5 10. dxe5 Qc7 11. Bf4 Bc5 12. Rc1 Qb6 13. O-O O-O-O 14. a3 Rf8 15.
Bg3 Nh6 16. b4 Be7 17. Ncd4 Kb8 18. Nxc6+ Bxc6 19. Qd2 Nf5 20. Bxf5 Rxf5 21. Nd4
Bg5 22. f4 Be7 23. Kh1 Rf7 24. f5 Bb5 25. Rf2 Bg5 26. Bf4 Bxf4 27. Qxf4 Rhf8 28.
Rfc2 Bd3 29. Rc5 Bxf5 30. Qg3 Be4 31. h3 Rf1+ 32. Rxf1 Rxf1+ 33. Kh2 g6 34. Qh4
h5 35. Qg3 Rd1 36. Qf2 Bf5 37. Nxf5 gxf5 38. Qe2 Ra1 39. Qb2 Re1 40. Qf2 Re4 41.
Rc8+ Ka7 42. Ra8+ Kxa8 43. Qxb6 Rxe5 44. b5 d4 45. bxa6 bxa6 46. Qxa6+ Kb8 47.
Qd6+ {Black resigns} 1-0

[Event "Team 45 45 League T87"]
[Site "Internet Chess Club"]
[Date "2021.01.09"]
[Round "1"]
[White "dabodhi"]
[Black "goldeen7"]
[Result "1-0"]
[WhiteElo "1409"]
[BlackElo "1313"]
[Opening "Sicilian, Chekhover variation"]
[ECO "B53"]
[Time "15:03:27"]
[TimeControl "2700+45"]

1. e4 c5 2. Nf3 d6 3. d4 cxd4 4. Qxd4 Nc6 5. Bb5 Bd7 6. Bxc6 Bxc6 7. Nc3 Nf6 8.
Bg5 e6 9. O-O-O Be7 10. e5 Nd5 11. Bxe7 Qxe7 12. exd6 Qf6 13. Nxd5 Bxd5 14. d7+
Ke7 15. Qb4+ Kd8 16. Rhe1 a5 17. Qb6+ {Black resigns} 1-0

[Event "Team 45 45 League T87"]
[Site "Internet Chess Club"]
[Date "2021.01.11"]
[Round "1"]
[White "kabubi"]
[Black "PsyMar"]
[Result "0-1"]
[WhiteElo "1124"]
[BlackElo "1462"]
[Opening "French defense"]
[ECO "C00"]
[Time "10:00:26"]
[TimeControl "2700+45"]

1. e4 e6 2. Nf3 d5 3. d3 c5 4. Nbd2 Nc6 5. g3 h5 6. Bg2 g5 7. O-O h4 8. Qe2 hxg3
9. fxg3 Nh6 10. Re1 g4 11. exd5 gxf3 12. Qxf3 Nd4 13. Qd1 Be7 14. c3 Ndf5 15.
Re2 Ng4 16. h3 Nxg3 17. Re1 Nh2 18. Kxh2 Qc7 19. Kg1 exd5 20. Qf3 Be6 21. d4
O-O-O 22. Re3 Rdg8 23. Nf1 Rxh3 24. Kf2 Nh1+ 25. Ke2 Rxf3 {White resigns} 0-1

[Event "Team 45 45 League T87"]
[Site "Internet Chess Club"]
[Date "2021.01.12"]
[Round "1"]
[White "Fulmar"]
[Black "WzeroMN"]
[Result "1/2-1/2"]
[WhiteElo "1195"]
[BlackElo "1070"]
[Opening "Ruy Lopez: Caro variation"]
[ECO "C70"]
[Time "08:07:01"]
[TimeControl "2700+45"]

1. e4 e5 2. Nf3 Nc6 3. Bb5 a6 4. Ba4 b5 5. Bb3 Nf6 6. O-O Bc5 7. c3 O-O 8. d4
exd4 9. cxd4 Ba7 10. Re1 d6 11. h3 Re8 12. Qd3 Na5 13. Bd2 Nxb3 14. axb3 c6 15.
Ba5 Bb6 16. Bxb6 Qxb6 17. b4 Bb7 {Game drawn by mutual agreement} 1/2-1/2

[Event "Team 45 45 League T87"]
[Site "Internet Chess Club"]
[Date "2021.01.12"]
[Round "1"]
[White "Packerfan"]
[Black "McDreasor"]
[Result "0-1"]
[WhiteElo "1837"]
[BlackElo "1917"]
[Opening "King's Indian: fianchetto, Larsen system"]
[ECO "E62"]
[Time "16:01:29"]
[TimeControl "2700+45"]

1. c4 Nf6 2. Nc3 g6 3. g3 Bg7 4. Bg2 O-O 5. d4 d6 6. Nf3 c6 7. O-O Bf5 8. b3 Qc8
9. Bb2 Re8 10. Re1 e5 11. e4 Bg4 12. d5 Qd7 13. dxc6 bxc6 14. Qd2 Na6 15. Rad1
Rad8 16. Ba3 Qc8 17. Qe3 Qb8 18. Rd3 Nb4 19. Bxb4 Qxb4 20. Qxa7 Bxf3 21. Bxf3
Ra8 22. Qe3 Bf8 23. Red1 Nd7 24. Na4 Rxa4 25. bxa4 Nc5 26. Ra3 Ra8 27. Qc3 Qxc3
28. Rxc3 Rxa4 29. Rd2 Rb4 30. a3 Rb1+ 31. Kg2 Ra1 32. Rdc2 Kg7 33. Rc1 Ra2 34.
Rb1 Be7 35. h4 h5 36. Re3 Bd8 37. Rb8 Ne6 38. Ra8 Bb6 39. Re2 Ra1 40. Rb2 Bc5
41. a4 Nc7 42. Rc8 Ne6 43. Ra8 Nc7 44. Ra5 Bd4 45. Rc2 Bb6 46. c5 Bxa5 47. cxd6
Ne6 48. Rxc6 Rxa4 49. Ra6 Ra3 50. Be2 Bb4 51. Rb6 Bc5 52. Rb7 Bxd6 53. Bc4 Kf6
54. Rb6 Be7 {White resigns} 0-1

[Event "Team 45 45 League T87"]
[Site "Internet Chess Club"]
[Date "2021.01.11"]
[Round "1"]
[White "DeepPoo"]
[Black "cadmiumorange"]
[Result "1/2-1/2"]
[WhiteElo "1726"]
[BlackElo "1835"]
[Opening "QGD: Chigorin defense"]
[ECO "D07"]
[Time "14:01:39"]
[TimeControl "2700+45"]

1. d4 d5 2. c4 Nc6 3. e3 e5 4. dxe5 d4 5. exd4 Qxd4 6. Qxd4 Nxd4 7. Bd3 Be6 8.
Ne2 O-O-O 9. Be3 Nc6 10. Be4 Nxe5 11. Bxa7 Nxc4 12. O-O Nf6 13. Bf3 Ne5 14. Be3
Nxf3+ 15. gxf3 Bc4 16. Nbc3 Bb4 17. Rfd1 Rxd1+ 18. Rxd1 Rd8 19. Rd4 Rxd4 20.
Bxd4 Be7 {Game drawn by mutual agreement} 1/2-1/2

[Event "Team 45 45 League T87"]
[Site "Internet Chess Club"]
[Date "2021.01.09"]
[Round "1"]
[White "cayo89"]
[Black "Signofthetimes"]
[Result "0-1"]
[WhiteElo "1500"]
[BlackElo "1656"]
[Opening "Queen's pawn"]
[ECO "A40"]
[Time "13:00:51"]
[TimeControl "2700+45"]

1. d4 c6 2. Nc3 d5 3. Bf4 Nf6 4. e3 Bf5 5. f3 e6 6. g4 Bg6 7. h4 h6 8. Bd3 Bxd3
9. Qxd3 Bd6 10. Nge2 Bxf4 11. Nxf4 Nbd7 12. g5 hxg5 13. Nxe6 fxe6 14. Qg6+ Kf8
15. O-O-O gxh4 16. Rdg1 Qe7 17. e4 Qf7 18. Qg5 Rh5 19. Qf4 Ke7 20. Qc7 Rb8
{White resigns} 0-1

[Event "Team 45 45 League T87"]
[Site "Internet Chess Club"]
[Date "2021.01.10"]
[Round "1"]
[White "GoIrish"]
[Black "ivanson"]
[Result "1-0"]
[WhiteElo "1500"]
[BlackElo "1604"]
[Opening "Réti: King's Indian attack"]
[ECO "A08"]
[Time "16:00:40"]
[TimeControl "2700+45"]

1. Nf3 d5 2. g3 c5 3. Bg2 Nc6 4. O-O e5 5. d3 Nf6 6. e4 Be7 7. Nc3 d4 8. Ne2 O-O
9. Ne1 Re8 10. f4 exf4 11. gxf4 Bg4 12. h3 Bh5 13. Nf3 Rc8 14. Ng3 Bxf3 15. Qxf3
Kh8 16. e5 Ng8 17. Bd2 Bf8 18. Rae1 Re6 19. Ne4 f6 20. h4 fxe5 21. Ng5 Rf6 22.
Qe4 g6 23. Bh3 Rb8 24. h5 Qe7 25. hxg6 Rxg6 26. Bf5 Nf6 27. Qe2 Rh6 28. Kg2 Qg7
29. Kf3 Nd5 30. Rh1 Qf6 31. Qe4 Rxh1 32. Rxh1 h6 33. Nh7 Qf7 34. Nxf8 Qxf8 35.
fxe5 Nde7 36. Rxh6+ {Black resigns} 1-0